 Dungeon Sprint DCSS version 0.31-a0-7-g51783674b7 (webtiles) character file.

Game seed: 16756846101229424862

14821 sircluck the Brawler (level 11, -23/123 HPs)
             Began as a Troll Berserker on May 5, 2023.
             Was the Champion of Trog.
             Killed from afar by a deep elf annihilator (64 damage)
             ... with a crystal spear
             ... in the Dungeon (Sprint I: "Red Sonja").
             The game lasted 00:09:20 (2045 turns).

sircluck the Brawler (Troll Berserker)              Turns: 2045, Time: 00:09:21

Health: -23/123    AC:  7    Str: 31      XL:     11   Next: 93%
Magic:  10/10      EV: 21    Int:  2 (3)  God:    Trog [******]
Gold:   1279       SH:  0    Dex: 15      Spells: 10/10 levels left

rFire   . .          .
                       - Unarmed
rCold   . . .        (no shield)
rNeg    . . .        m - +2 robe "Muntet" {Slay+2}
rPois   +            (helmet restricted)
rElec   .            l - +1 cloak {rPois}
rCorr   .            (gloves unavailable)
SInv    .            (boots unavailable)
Will    .....        (no amulet)
Stlth   +++          t - +5 ring of evasion
HPRegen 1.20/turn    u - +6 ring of dexterity
MPRegen 0.12/turn

%: no teleportation
@: mesmerised, slowed, very slow
A: large, unfitting armour, claws 3, regeneration 1, shaggy fur 1, tough skin 1,
deformed body, deterioration 1, subdued magic 1
a: Renounce Religion, Berserk, Trog's Hand, Brothers in Arms


You were in the Dungeon.
You worshipped Trog.
Trog was exalted by your worship.
You visited 1 branch You collected 2651 gold pieces.
You spent 1372 gold pieces at shops.

Inventory:

Armour
 a - a +0 animal skin
 l - a +1 cloak of poison resistance (worn)
 m - the +2 robe "Muntet" (worn) {Slay+2}
   (You bought it in a shop in the Dungeon)

   Slay:      It affects your accuracy & damage with ranged weapons and melee
   (+2).
Jewellery
 o - a ring of magical power
 t - a +5 ring of evasion (left claw)
 u - a +6 ring of dexterity (right claw)
Wands
 h - a wand of polymorph (8)
 r - a wand of mindburst (6)
Scrolls
 j - a scroll of immolation {unknown}
 p - a scroll of identify {unknown}
 q - 2 scrolls of poison {unknown}
 s - 2 scrolls of enchant armour
Potions
 b - 5 potions of curing
 c - 3 potions of heal wounds
 d - 2 potions of haste
 e - 2 potions of magic
 f - 2 potions of berserk rage
 i - a potion of mutation {unknown}
 k - a potion of might
 n - a potion of attraction {unknown}


   Skills:
 + Level 11.8 Fighting
 + Level 13.8 Dodging
 + Level 5.4 Stealth
 + Level 20.6 Unarmed Combat
 + Level 0.3 Evocations


You had 10 spell levels left.
You didn't know any spells.
Your spell library was empty.

Dungeon Overview and Level Annotations

Branches:
Dungeon (1/1)

Altars:
Cheibriados
Dithmenos
Elyvilon
Fedhas
Gozag
Hepliaklqana
Kikubaaqudgha
Makhleb
Nemelex Xobeh
Okawaru
Qazlal
Ru
Sif Muna
Trog
Uskayaw
Vehumet
Wu Jian
Xom
Yredelemnul
Zin
The Shining One
Jiyva
Lugonu

Shops:
D *![[[(!((!*([(?[:?=[[


Innate Abilities, Weirdness & Mutations

You are too large for most types of armour.
You have claws for hands.
Your natural rate of healing is unusually fast.
You are covered in fur. (AC +1)
You have tough skin. (AC +1)
Armour fits poorly on your strangely shaped body.
Your body sometimes deteriorates upon taking damage.
Your spells are a little easier to cast, but a little less powerful.


Message History

You are too injured to fight recklessly!
You are too injured to fight recklessly!
You are too injured to fight recklessly!
You are too injured to fight recklessly!
You are too injured to fight recklessly!
You are too injured to fight recklessly!
You are too injured to fight recklessly!
You are too injured to fight recklessly!
You are too injured to fight recklessly!
You are too injured to fight recklessly!
Unknown command.
You mangle the merfolk siren!!
You kill the merfolk siren!
Trog accepts your kill. Trog grants you a weapon!
Something appears at your feet!
You see here a +3 great sword of flaming.
Trog appreciates your killing of a magic user.
You hear a splash.
The merfolk siren chants its luring song.
You feel your strength returning.
Aiming: Polymorph
Press: ? - help, Q - select action, (/) - cycle Shift-Dir - straight line, f - merfolk siren
Aim: a merfolk siren, wielding a +0 spear (mesmerising, will become a moth of wrath, a manticore, or a wind drake, chance to affect: 18%)
The merfolk siren resists with almost no effort.
The hornet misses you.
The deep elf annihilator points at you and mumbles some strange words.
The bolt of lightning misses you. The bolt of lightning hits you!
Your body deteriorates!
You feel dopey. The hornet misses you. The hornet closely misses you.
The merfolk siren chants its luring song.
Aiming: Mindburst
Press: ? - help, Q - select action, (/) - cycle Shift-Dir - straight line, f/p - merfolk siren
Aim: a merfolk siren, wielding a +0 spear (mesmerising, chance to affect: 31%)
The merfolk siren easily resists.
The hornet stings you!
You feel yourself slow down.
The deep elf annihilator gestures at you while chanting.
The crystal spear hits you!!!
Ouch! That really hurt!
You die...

#######################
§..†)§.§.§§§..#..+.§§.#
§####§§§§§##§.'..#§§§.##
.#.###§§.#######'#§§[.$#
.#'#.###+# #..#.§.§$#
##...#y#§# #..##.§.$#
○#...###..###$#..≈###+##
○+.....##.#A#$#y@≈e)#
.#)....# .###$#.yym##
.###++## ##..$#.y≈## ##
..## +###..≈# # ##$$
≈..## # #=$ M≈..# #


$$$$ ##..# # $$$$ '..# $$○$# You could see a deep elf annihilator, a mummy
priest, a merfolk siren (mesmerising) and 4 hornets.

Vanquished Creatures
  A lorocyproca (D)
  2 centaur warriors (D)
  A hydra (D)
  Sonja (D)
  A deep troll (D)
  A lindwurm (D)
  2 shining eyes (D)
  An oklob plant (D)
  A merfolk siren (D)
  2 demonic crawlers (D)
  A gargoyle (D)
  2 kobold demonologists (D)
  2 unseen horrors (D)
  A hellwing (D)
  A hornet (D)
  A slime creature (D)
  Sigmund (D)
  A yak (D)
  13 hogs (D)
  2 redbacks (D)
  3 floating eyes (D)
  An ogre (D)
  7 necrophages (D)
  8 jellies (D)
  Ijyb (D)
  A ballistomycete spore (D)
59 creatures vanquished.

Vanquished Creatures (collateral kills)
  6 shining eyes (D)
  2 demonic crawlers (D)
  4 floating eyes (D)
12 creatures vanquished.

Vanquished Creatures (others)
  A ballistomycete spore (D)
1 creature vanquished.

Grand Total: 72 creatures vanquished

Notes
Turn   | Place    | Note
-------+----------+-------------------------------------------
     0 | D        | sircluck the Troll Berserker began the quest for the Orb.
     0 | D        | Reached XP level 1. HP: 22/22 MP: 0/0
     1 | D        | Noticed Ijyb
    37 | D        | Killed Ijyb
    38 | D        | Reached skill level 4 in Unarmed Combat
    38 | D        | Reached XP level 2. HP: 17/31 MP: 1/1
   153 | D        | Noticed an ogre
   158 | D        | Killed an ogre
   159 | D        | Reached skill level 5 in Dodging
   159 | D        | Reached skill level 6 in Unarmed Combat
   159 | D        | Reached XP level 3. HP: 41/41 MP: 2/2
   159 | D        | Reached XP level 4. HP: 49/49 MP: 3/3
   170 | D        | Noticed Sigmund
   198 | D        | Killed Sigmund
   198 | D        | Reached ** piety under Trog
   199 | D        | Reached skill level 8 in Unarmed Combat
   199 | D        | Reached XP level 5. HP: 23/59 MP: 4/4
   199 | D        | Reached XP level 6. HP: 26/67 MP: 5/5
   215 | D        | Found an ornate altar of the Wu Jian Council.
   215 | D        | Found a shimmering blue altar of Sif Muna.
   217 | D        | Found a radiant altar of Vehumet.
   262 | D        | Found Goyshran's Armour Emporium.
   262 | D        | Found an ancient bone altar of Kikubaaqudgha.
   262 | D        | Found a hazy altar of Hepliaklqana.
   262 | D        | Found a stormy altar of Qazlal.
   262 | D        | Found a hide-covered altar of Uskayaw.
   262 | D        | Found a blossoming altar of Fedhas.
   262 | D        | Found a bloodstained altar of Trog.
   262 | D        | Found an iron altar of Okawaru.
   262 | D        | Found a basalt altar of Yredelemnul.
   262 | D        | Found a glowing golden altar of the Shining One.
   262 | D        | Found a snail-covered altar of Cheibriados.
   262 | D        | Found a sacrificial altar of Ru.
   262 | D        | Found a glowing silver altar of Zin.
   262 | D        | Found a shadowy altar of Dithmenos.
   262 | D        | Found a white marble altar of Elyvilon.
   262 | D        | Noticed a yak
   265 | D        | Killed a yak
   266 | D        | Reached skill level 9 in Unarmed Combat
   266 | D        | Found an opulent altar of Gozag.
   267 | D        | Found a sparkling altar of Nemelex Xobeh.
   284 | D        | Found a burning altar of Makhleb.
   284 | D        | Found a viscous altar of Jiyva.
   284 | D        | Found a shimmering altar of Xom.
   284 | D        | Found a corrupted altar of Lugonu.
   284 | D        | Noticed a slime creature
   290 | D        | Killed a slime creature
   290 | D        | Reached *** piety under Trog
   291 | D        | Reached skill level 10 in Unarmed Combat
   291 | D        | Reached XP level 7. HP: 36/78 MP: 6/6
   343 | D        | Noticed a kobold demonologist
   344 | D        | Noticed a smoke demon
   344 | D        | Noticed a kobold demonologist
   345 | D        | Paralysed by a floating eye for 3 turns
   348 | D        | Noticed a ynoxinul
   354 | D        | Noticed a chaos spawn
   357 | D        | Killed a kobold demonologist
   358 | D        | Reached skill level 11 in Unarmed Combat
   359 | D        | Noticed a chaos spawn
   361 | D        | Noticed a rust devil
   365 | D        | Killed a kobold demonologist
   365 | D        | Reached **** piety under Trog
   366 | D        | Reached skill level 1 in Stealth
   366 | D        | Reached XP level 8. HP: 67/89 MP: 7/7
   411 | D        | Noticed Sonja
   421 | D        | Killed Sonja
   422 | D        | Reached skill level 12 in Unarmed Combat
   442 | D        | Found Wier's General Store.
   450 | D        | Bought a potion of might for 40 gold pieces
   451 | D        | Noticed a shining eye
   451 | D        | Noticed a shining eye
   451 | D        | Noticed a shining eye
   453 | D        | Noticed a shining eye
   457 | D        | Paralysed by a floating eye for 4 turns
   459 | D        | Reached skill level 13 in Unarmed Combat
   461 | D        | Gained mutation: Armour fits poorly on your strangely
                  | shaped body. [a shining eye]
   464 | D        | Killed a shining eye
   464 | D        | Gained mutation: You are frail. (-10% HP) [a shining eye]
   465 | D        | Reached skill level 10 in Dodging
   465 | D        | Reached XP level 9. HP: 90/90 MP: 8/8
   467 | D        | Killed a shining eye
   467 | D        | Paralysed by a floating eye for 3 turns
   468 | D        | Reached skill level 14 in Unarmed Combat
   471 | D        | Killed a shining eye
   474 | D        | Noticed a shining eye
   478 | D        | Killed a shining eye
   479 | D        | Reached skill level 10 in Fighting
   479 | D        | Reached skill level 15 in Unarmed Combat
   479 | D        | Lost mutation: You are frail. (-10% HP) [a shining eye]
   485 | D        | Killed a shining eye
   486 | D        | Reached XP level 10. HP: 110/110 MP: 9/9
   487 | D        | Noticed a shining eye
   494 | D        | Killed a shining eye
   495 | D        | Noticed a shining eye
   499 | D        | Gained mutation: Your body sometimes deteriorates upon
                  | taking damage. [a shining eye]
   511 | D        | Noticed a shining eye
   512 | D        | Gained mutation: Your spells are a little easier to cast,
                  | but a little less powerful. [a shining eye]
   513 | D        | Reached skill level 16 in Unarmed Combat
   514 | D        | Killed a shining eye
   515 | D        | Killed a shining eye
   529 | D        | Found Casuop's Distillery.
   529 | D        | Found Cogued's Antique Armour Shop.
   529 | D        | Found Dueskosi's Armour Emporium.
   529 | D        | Found Joshri Fani's Weapon Boutique.
   539 | D        | Bought a +1 cloak of poison resistance for 162 gold pieces
   557 | D        | Bought a brightly glowing robe for 125 gold pieces
   557 | D        | Identified the +2 robe "Muntet" {Slay+2} (You bought it in
                  | a shop in the Dungeon)
   633 | D        | Noticed a deep troll
   640 | D        | Killed a deep troll
   676 | D        | Noticed a centaur warrior
   678 | D        | Noticed a centaur warrior
   682 | D        | Killed a centaur warrior
   683 | D        | Reached skill level 17 in Unarmed Combat
   686 | D        | Killed a centaur warrior
   686 | D        | Reached ***** piety under Trog
   732 | D        | Noticed an oklob plant
   734 | D        | Killed an oklob plant
   743 | D        | Reached XP level 11. HP: 119/119 MP: 10/10
   745 | D        | Identified the +6 great sword of Plog {heavy, rN+ SInv}
                  | (Trog gifted it to you in the Dungeon)
   745 | D        | Received a gift from Trog
   998 | D        | Reached skill level 18 in Unarmed Combat
  1037 | D        | Paralysed by a floating eye for 4 turns
  1072 | D        | Reached ****** piety under Trog
  1109 | D        | Received a gift from Trog
  1124 | D        | Found Otub's Weapon Shoppe.
  1124 | D        | Found Xongeh's Distillery.
  1124 | D        | Found Unkif's Antique Weapon Boutique.
  1126 | D        | Found Lezuria's Distillery.
  1126 | D        | Found Zessam's General Store.
  1126 | D        | Found Jepido Gyqy's Weapon Shoppe.
  1126 | D        | Found Voximas's Antique Armour Boutique.
  1126 | D        | Found Kiocwu's Weapon Emporium.
  1126 | D        | Found Hanac's Magic Scroll Shop.
  1126 | D        | Found Guxtulub's Antique Armour Shoppe.
  1128 | D        | Found Aghom's Book Boutique.
  1129 | D        | Bought a potion of heal wounds for 65 gold pieces
  1129 | D        | Bought a potion of heal wounds for 65 gold pieces
  1129 | D        | Found Fuociny's Jewellery Emporium.
  1129 | D        | Found Zeff's Magic Scroll Boutique.
  1130 | D        | Found Qosef's Antique Armour Emporium.
  1138 | D        | Bought 2 scrolls of enchant armour for 195 gold pieces
  1141 | D        | Bought a +5 ring of evasion for 360 gold pieces
  1141 | D        | Bought a +6 ring of dexterity for 360 gold pieces
  1189 | D        | Found Xehyphel's Armour Emporium.
  1511 | D        | Reached skill level 19 in Unarmed Combat
  1526 | D        | Noticed a lindwurm
  1530 | D        | Killed a lindwurm
  1571 | D        | Killed a lorocyproca
  1571 | D        | Received a gift from Trog
  1730 | D        | Reached skill level 5 in Stealth
  1754 | D        | Reached skill level 20 in Unarmed Combat
  1754 | D        | Identified the +1 trident of Punwewuv {flame, rC+ rN+}
                  | (Trog gifted it to you in the Dungeon)
  1754 | D        | Received a gift from Trog
  1788 | D        | Noticed a daeva
  1796 | D        | Noticed a 12-headed hydra
  1798 | D        | Killed a 13-headed hydra
  2036 | D        | Noticed a deep elf annihilator
  2040 | D        | Noticed a mummy priest
  2043 | D        | Received a gift from Trog
  2045 | D        | Killed from afar by a deep elf annihilator

Illustrated notes

Levels and vault maps discovered:
D:        dungeon_sprint_1 [red_sonja_temple_1, red_sonja_temple_small_1]

Skill      XL: |  1  2  3  4  5  6  7  8  9 10 11 |
---------------+----------------------------------+-----
Fighting       | 3 4 6 7 8 9 10 11 | 11.8
Dodging        | 3 5 6 7 9 10 11 12 13 | 13.8
Unarmed Combat | 4 6 8 10 11 13 15 17 20 | 20.6
Stealth        | 1 2 3 5 |  5.4
Evocations     | |  0.3

Action                     |  1- 3 |  4- 6 |  7- 9 | 10-12 || total
---------------------------+-------+-------+-------+-------++-------
  Melee: Unarmed           |    39 |    32 |    27 |   117 ||   215
         Punch             |       |     1 |     2 |     9 ||    12
 Invoke: Berserk           |       |       |     2 |     1 ||     3
         Brothers in Arms  |       |       |     2 |     3 ||     5
  Evoke: Wand              |     1 |       |       |     2 ||     3
    Use: Scroll            |       |       |       |     2 ||     2
   Stab: Distracted        |       |       |     1 |       ||     1
         Sleeping          |       |       |       |     6 ||     6
 Armour: Skin              |     4 |       |       |       ||     4
         Animal skin       |       |     5 |    22 |       ||    27
         Robe              |       |       |       |    49 ||    49
  Dodge: Dodged            |    21 |     1 |    28 |   111 ||   161

Table legend: (Time is in decaauts)
 A = Elapsed time spent in this place.
 B = Non-inter-level travel time spent in this place.
 C = Inter-level travel time spent in this place.
 D = Time resting spent in this place.
 E = Time spent auto-exploring this place.
 F = Levels seen in this place.
 G = Mean time per level.
                   A        B        C        D        E       F      G
               +--------+--------+--------+--------+--------+-----+--------+
         Total |   2012 |   1976 |     36 |    923 |    173 |   1 | 2012.0 |
       Dungeon |   2012 |   1976 |     36 |    923 |    173 |   1 | 2012.0 |
               +--------+--------+--------+--------+--------+-----+--------+

Top non-repeatable levels by time:
       D: 2012 daAuts
